[Event "ARM-ch Club 2018"]
[Site "Yerevan"]
[Date "2018.06.13"]
[Round "6"]
[White "Baghdasaryan, Vahe"]
[Black "Davtyan, David Arm"]
[Result "1-0"]
[ECO "B67"]
[WhiteElo "2406"]
[BlackElo "1958"]
[Annotator "NA"]
[PlyCount "57"]
[EventDate "2018.??.??"]
[EventCountry "ARM"]
[SourceTitle "playchess.com"]
[Source "ChessBase"]
[SourceQuality "1"]
[TimeControl "5400+30"]

1. e4 c5 2. Nf3 d6 3. d4 cxd4 4. Nxd4 Nf6 5. Nc3 Nc6 6. Bg5 e6 7. Qd2 a6 8. O-O-O Bd7 9. f4 b5 10. Bxf6 gxf6 11. f5 {[%emt 0:11:59] LiveBook: 112 Partien} b4 12. fxe6 fxe6 13. Nce2 Qa5 {[%emt 0:02:16] [#]} 14. Kb1 $1 Qe5 15. Nxc6 Bxc6 16. Qxb4 Bxe4 17. Nc3 Bc6 18. Bc4 Qc5 19. Qxc5 dxc5 20. Bxe6 Bxg2 21. Rhe1 Be7 22. Rd7 Rd8 23. Rc7 Kf8 24. Bb3 Re8 25. Ba4 Kf7 26. Bb3+ Kf8 27. Na4 h5 28. Nxc5 Bh3 29. Ba4 1-0

[Event "ARM-ch Club 2018"]
[Site "Yerevan"]
[Date "2018.06.13"]
[Round "6"]
[White "Mirzoyan, Davit T"]
[Black "Hakobyan, Hakob V"]
[Result "1-0"]
[ECO "D18"]
[WhiteElo "2381"]
[BlackElo "2114"]
[Annotator "NA"]
[PlyCount "269"]
[EventDate "2018.??.??"]
[EventCountry "ARM"]
[SourceTitle "playchess.com"]
[Source "ChessBase"]
[SourceQuality "1"]
[TimeControl "5400+30"]

1. d4 d5 2. Nf3 Nf6 3. c4 c6 4. Nc3 dxc4 5. a4 Bf5 6. e3 e6 7. Bxc4 Bb4 8. O-O Nbd7 9. Qe2 O-O 10. e4 Bg6 11. Bd3 Bh5 12. e5 Nd5 13. Nxd5 cxd5 14. Qe3 Bg6 {[%emt 0:00:47] D19: Damengambit (Slawische Verteidigung, Hauptvariante)} (14... Be7 15. Ng5 Bxg5 16. Qxg5 Bg6 17. Qxd8 Rfxd8 18. Be2 Nb8 19. Be3 Nc6 20. Rfc1 Rdc8 21. Rc3 Nb4 22. Raa3 a5 {½-½ (38) Radjabov,T (2748)-Mamedov,R (2704) Shamkir 2018}) 15. Bxg6 fxg6 16. a5 b6 17. Ng5 Re8 $1 18. a6 h6 $146 ({Vorgänger:} 18... Rc8 19. Nf3 {½-½ (19) Krygier,I (2383)-Zawadka,Z (2329) ICCF email 2006}) 19. Qb3 Bf8 20. Nf3 Qe7 21. Bd2 Rac8 22. Rfc1 Nb8 23. Qd3 g5 $14 24. b4 Qd7 25. b5 Rxc1+ 26. Rxc1 Rc8 27. Rxc8 Qxc8 28. g3 Qe8 29. h3 Be7 30. Kg2 Nd7 31. Qc2 Nf8 32. Qd3 Qg6 33. Qc3 Qe8 34. Qb3 Kf7 35. Ne1 Qd7 36. Qd3 Qc8 37. Nc2 Ng6 38. Ne3 Nf8 39. Qe2 Kg8 40. Qd3 Qe8 41. Qb3 Qd7 42. Nd1 Qe8 43. f3 Qg6 44. Ba5 Nd7 45. Be1 Qe8 46. Nc3 Nf8 47. Na4 Bd8 48. Qd3 Be7 49. Bd2 Qd7 50. Kf2 Qc7 51. Qb3 Nd7 52. Ke2 Kf7 53. Kf2 Nf8 54. Qd3 g6 55. Kg2 Nd7 56. Nb2 Nf8 57. Qb3 Qc8 58. Nd3 Qd7 59. Ne1 Qc7 60. Nc2 Qd7 61. Qd3 Qc7 62. Kf2 Qc8 63. Ke2 Qc7 64. Kd1 Nd7 65. Bc3 Qc8 66. Bb2 Qc7 67. Ne3 Kg7 68. Qb3 Qd8 69. Qc2 Nb8 70. Bc3 Qf8 71. Ke2 Qc8 72. Qb3 Qd7 73. Nd1 Qc7 74. Bd2 Qc8 75. Nf2 Qc7 76. Nd3 Kf7 77. Nb2 Nd7 78. Bc3 Qc8 79. Nd1 Kg7 80. Bb2 Qc7 81. Kd2 Qc8 82. Ne3 Qf8 83. Ke2 Qc8 84. Nd1 Qc7 85. Nf2 Qc8 86. Nd3 Kf7 87. Bc1 Qc7 88. Bd2 Nb8 89. Nb2 Nd7 90. Nd3 Nb8 91. Kd1 Nd7 92. Ne1 Qc8 93. Ng2 Kg7 94. g4 Qc7 95. Qd3 Qc8 96. Be1 Qc7 97. Bd2 Qc8 98. Ke2 Qc7 99. Be3 Qc8 100. Kd1 Qc7 101. Bf2 Qc8 102. Be1 Qc7 103. f4 gxf4 104. Nxf4 Nf8 105. h4 Qd7 106. h5 g5 107. Ne2 Qe8 108. Nc1 Qd7 109. Bd2 Qe8 110. Na2 Qf7 111. Ke2 Qe8 112. Bb4 Qf7 113. Bd2 Qe8 114. Qb3 Nd7 115. Nc3 Qc8 116. Nd1 Qc7 117. Ne3 Qc8 118. Nc2 Qc7 119. Kd1 Qc8 120. Qd3 Qe8 121. Ke2 Nf8 122. Bb4 Qf7 123. Bd2 Qe8 124. Kd1 Qf7 125. Ke1 Qe8 126. Ke2 Qf7 127. Qc3 Qe8 128. Qc6 Qd7 129. Bb4 Kf7 130. Kd2 Ke8 131. Bxe7 Kxe7 132. Nb4 Kd8 133. Qa8+ Ke7 134. Nc6+ Kf7 135. Qxa7 1-0

[Event "ARM-ch Club 2018"]
[Site "Yerevan"]
[Date "2018.06.13"]
[Round "6"]
[White "Gharagyozyan, Artur"]
[Black "Vardanyan, Aram"]
[Result "1-0"]
[ECO "B56"]
[WhiteElo "2310"]
[BlackElo "1866"]
[Annotator "ChessBase"]
[PlyCount "59"]
[EventDate "2018.??.??"]
[EventCountry "ARM"]
[SourceTitle "playchess.com"]
[Source "ChessBase"]
[SourceQuality "1"]
[TimeControl "5400+30"]

1. e4 c5 2. Nf3 d6 3. d4 Nf6 4. Nc3 cxd4 5. Nxd4 Nc6 6. Be3 e6 7. Qd2 Be7 8. f3 a6 9. O-O-O Qc7 10. Kb1 Bd7 11. Bd3 b5 12. Bxb5 axb5 13. Ndxb5 Qb8 14. Nxd6+ Bxd6 15. Qxd6 Qxd6 16. Rxd6 Ne5 17. b3 O-O 18. Bd4 Ne8 19. Bxe5 Nxd6 20. Bxd6 Rfc8 21. Kb2 Be8 22. e5 f6 23. Ne4 fxe5 24. c4 Bg6 25. Re1 Ra6 26. c5 Rcc6 27. b4 Bxe4 28. Rxe4 Rxd6 29. cxd6 Rxd6 30. b5 1-0

[Event "ARM-ch Club 2018"]
[Site "Yerevan"]
[Date "2018.06.13"]
[Round "6"]
[White "Shmavonyan, Areg"]
[Black "Bakunts, Rafael"]
[Result "0-1"]
[ECO "C77"]
[WhiteElo "2103"]
[BlackElo "2395"]
[Annotator "NA"]
[PlyCount "92"]
[EventDate "2018.??.??"]
[EventCountry "ARM"]
[SourceTitle "playchess.com"]
[Source "ChessBase"]
[SourceQuality "1"]
[TimeControl "5400+30"]

1. e4 e5 2. Nf3 Nc6 3. Bb5 a6 4. Ba4 Nf6 5. d3 b5 6. Bb3 Bc5 7. c3 d6 8. O-O h6 9. Nbd2 {[%emt 0:09:19] C78: Ruy Lopez: Archangelsk and Möller Defences} (9. Re1 O-O 10. Nbd2 Ne7 11. a4 b4 12. d4 bxc3 13. bxc3 exd4 14. cxd4 Bb4 15. Re3 Ng6 16. h3 a5 {0-1 (65) Zhigalko,S (2638)-Giri,A (2762) Heraklio 2017}) 9... O-O {[%emt 0:00:30] LiveBook: 28 Games} 10. h3 Bb6 11. Re1 Na5 12. Bc2 c5 13. Nf1 Nc6 14. Ng3 Re8 15. Nh2 Ne7 16. Ng4 $146 ({Predecessor:} 16. Nhf1 d5 17. Ne3 d4 18. cxd4 exd4 19. Ng4 Nxg4 20. hxg4 {0-1 (33) Castin,A (1836)-Karpatchev,A (2491) Saint Affrique 2009}) 16... Nh7 17. Bb3 Be6 $16 (17... Ng6 $14) 18. Bxe6 fxe6 19. Bxh6 gxh6 20. Nh5 Ng6 21. Nxh6+ Kf8 22. Qf3+ Nf4 23. Nxf4 exf4 24. Qxf4+ Kg7 25. Re3 Ng5 26. h4 Kxh6 27. Rg3 Rg8 28. hxg5+ Kg7 29. e5 Bc7 30. Qg4 dxe5 31. Qxe6 Qd6 32. Qg4 Raf8 33. Re1 Rf4 34. Qe2 Rh8 35. Qe3 c4 36. Rd1 Bb6 37. d4 exd4 38. cxd4 Bxd4 39. Rf3 Bxe3 40. Rxd6 Rxf3 41. gxf3 Bc1 42. f4 Rf8 43. Rxa6 Bxb2 44. Ra7+ Rf7 45. Ra6 c3 46. Rc6 Rxf4 0-1

[Event "ARM-ch Club 2018"]
[Site "Yerevan"]
[Date "2018.06.13"]
[Round "6"]
[White "Khachatryan, Anna"]
[Black "Petrosian, Davit G"]
[Result "0-1"]
[ECO "A41"]
[WhiteElo "1955"]
[BlackElo "2400"]
[Annotator "NA"]
[PlyCount "158"]
[EventDate "2018.??.??"]
[EventCountry "ARM"]
[SourceTitle "playchess.com"]
[Source "ChessBase"]
[SourceQuality "1"]
[TimeControl "5400+30"]

1. d4 d6 2. Bf4 g6 3. Nc3 Bg7 4. e4 Nc6 5. Nge2 e5 6. Be3 exd4 7. Nxd4 Nf6 $11 {[%emt 0:00:35] LiveBook: 3 Games} 8. Be2 O-O 9. O-O Re8 10. f3 Ne5 11. Qd2 d5 12. exd5 Nxd5 13. Nxd5 Qxd5 14. Rfd1 Nc4 15. Bxc4 Qxc4 16. c3 c5 17. Nb3 b6 18. Qf2 Bf5 19. Nd2 Qa4 20. Nf1 Rad8 21. Rxd8 Rxd8 22. Ng3 Be6 23. a3 f5 24. Bg5 Rd1+ 25. Rxd1 Qxd1+ 26. Qf1 Qxf1+ 27. Kxf1 Kf7 28. Bf4 Bc4+ 29. Ke1 Ke6 30. Kd2 Be5 31. Ke3 Bf6 32. Bb8 Kd7 33. Ne2 a5 34. Nc1 Kc6 35. g4 fxg4 36. fxg4 a4 37. Nd3 Be6 38. h3 Bc8 39. Ke4 Kb5 40. Ne5 Be6 41. Kd3 Bg5 42. c4+ Ka6 43. Nf3 Be7 44. Be5 h5 45. gxh5 gxh5 46. h4 Bg4 47. Ng5 Kb7 48. Ke4 Kc6 49. Ke3 Kd7 50. Kd3 Bf5+ 51. Ke3 Kc6 52. Kd2 Bg6 53. Kc3 Bd6 54. Bxd6 Kxd6 55. Kd2 Ke5 56. Ke3 Kf5 57. Kf3 Be8 58. Kg3 Ke5 59. Nh7 Bf7 60. Nf8 Bxc4 61. Nd7+ Kd6 62. Nf6 Bf7 63. Kf4 b5 64. Ke3 Ke5 65. Ne4 Kd5 66. Nc3+ Kc4 67. Kd2 Be8 68. Ne4 Kd4 69. Nf6 Bg6 70. Nd7 Be4 71. Nf6 Bf3 72. Nd7 b4 73. axb4 cxb4 74. Kc1 Be4 75. Nf6 Bg6 76. Nd7 a3 77. bxa3 bxa3 78. Nb6 Kc3 79. Na4+ Kb4 0-1